AoeStats
← Sir Well-Endowed

Black Forest

508309367Analyzed
4v4 RM · 11d ago on Sep 21, 2026· 34m 56s· 8 players
Game mode
Random Map
Map size
Large (8 player)
Population
200
Speed
Normal
Resources
Standard
Victory
Conquest
Starting age
Dark Age
Ending age
Imperial Age
RankedLock teamsTeams togetherTeam positionsShared explorationLock speedFull tech treeHidden civsTurbo modeCheats
Victory
Defeat
🇩🇪 Mongols · Germany
1456
+10
🇹🇷 Ethiopians · Türkiye
1240
+19
🇩🇪 Bohemians · Germany
1219
+19
🇨🇳 Turks · China
1216
+41
🇨🇳 Saracens · China
1382
-21
🇦🇷 Franks · Argentina
1340
-18
🇨🇦 Teutons · Canada
1277
-16
🇨🇦 Khmer · Canada
1213
-13
帝国吕布
9:28 Loom
11:56 Feudal Age
15:50 Castle Age
14:10 Double-Bit Axe
14:54 Horse Collar
15:23 Fletching
15:53 Gold Mining
17:59 Bodkin Arrow
19:11 Crossbowman
21:45 Ballistics
22:23 Padded Archer Armor
23:54 Wheelbarrow
24:34 Bow Saw
33:25 Imperial Age
31:30 Leather Archer Armor
32:24 Stone Mining
33:23 Thumb Ring
34:20 Hand Cart
34:17 Bracer
34:23 Arbalester
Sir Well-Endowed
0:44 Loom
17:09 Feudal Age
18:39 Double-Bit Axe
23:25 Castle Age
21:25 Fishing Lines
21:31 Horse Collar
21:47 Gold Mining
23:49 Bloodlines
24:58 Crossbowman
25:41 Fletching
25:43 Elite Skirmisher
27:25 Bodkin Arrow
33:49 Wheelbarrow
34:44 Ballistics
Maarcos.d
11:30 Feudal Age
12:14 Double-Bit Axe
13:05 Wheelbarrow
17:08 Castle Age
15:54 Forging
15:49 Scale Barding Armor
16:26 Gold Mining
18:21 Husbandry
21:10 Chain Barding Armor
23:12 Iron Casting
22:56 Hand Cart
31:49 Imperial Age
31:36 Loom
32:12 Cavalier
34:36 Plate Barding Armor
Genghis Dong
8:35 Loom
11:27 Feudal Age
18:56 Castle Age
19:03 Double-Bit Axe
19:01 Horse Collar
20:13 Bow Saw
20:08 Heavy Plow
20:24 Gold Mining
22:34 Husbandry
23:21 Bloodlines
24:21 Light Cavalry
25:13 Scale Mail Armor
25:29 Scale Barding Armor
26:51 Stone Mining
TrCL.MAN1AC
10:51 Feudal Age
14:47 Castle Age
12:59 Double-Bit Axe
15:57 Bow Saw
18:25 Loom
20:15 Horse Collar
20:41 Fishing Lines
23:03 Fletching
28:16 Gillnets
29:23 Bodkin Arrow
29:44 Stone Mining
31:31 Wheelbarrow
31:05 Gold Mining
33:16 Hand Cart
35:43 Imperial Age
34:20 Gold Shaft Mining
34:24 Ballistics
34:07 Padded Archer Armor
34:56 Hand Cart
35:44 Leather Archer Armor
[DSbZ]Querkraft
0:48 Loom
13:35 Feudal Age
18:39 Castle Age
16:27 Double-Bit Axe
MA
11:01 Feudal Age
11:44 Double-Bit Axe
11:40 Horse Collar
14:41 Castle Age
15:37 Bow Saw
17:10 Wheelbarrow
21:13 Hand Cart
21:17 Heavy Plow
22:35 Loom
22:36 Town Watch
23:32 Stone Mining
23:33 Gold Mining
27:59 Imperial Age
27:04 Gold Shaft Mining
26:31 Scale Mail Armor
26:42 Forging
26:55 Ballistics
27:49 Chain Mail Armor
27:36 Squires
27:21 Arson
29:13 Iron Casting
29:52 Chemistry
29:10 Siege Engineers
29:41 Plate Mail Armor
28:32 Halberdier
30:30 Two-Man Saw
30:36 Conscription
30:40 Torsion Engines
32:32 Blast Furnace
32:29 Heavy Scorpion
jairopfannerstillrra
2:41 Loom
11:48 Feudal Age
15:40 Castle Age
13:50 Double-Bit Axe
17:14 Loom
20:37 Imperial Age
18:53 Horse Collar
24:29 Padded Archer Armor
26:13 Wheelbarrow
27:20 Squires
29:36 Leather Archer Armor
32:19 Heavy Plow
32:32 Bow Saw
Connection lost

Rejoining the realm…

Still unreachable

The connection could not be restored.

Session expired

The server has moved on; the page needs a fresh start.